NCAA
UCLA BRUINS @ CALIFORNIA GOLDEN BEARS
05/08/2024
 
TOP OF THE 1ST
UCLA Bruins batting - Pitching for California Golden Bears : RHP Tomás Marte
Pitching: RHP Tomás Marte
Batting: LHB Pedro Ramos 0-0: Ground out 6-3 (Groundball, 6M)
Batting: RHB Roberto Rodríguez 0-0: Ball
1-0: Ball
2-0: Fly out, F8 (Flyball, 8LM)
Batting: LHB Brian Bauer 0-0: Foul Ball, location: 2F
0-1: Fly out, F9 (Line Drive, 9M)
Top of the 1st over - 0 run(s), 0 hit(s), 0 error(s), 0 left on base; UCLA 0 - California 0
BOTTOM OF THE 1ST
California Golden Bears batting - Pitching for UCLA Bruins : RHP George Floyd
Pitching: RHP George Floyd
Batting: LHB Noah Gillespie 0-0: Ball
1-0: Foul Ball, location: 2F
1-1: Ball
2-1: Bunt missed!
2-2: Foul Ball, location: 2F
2-2: Ball
3-2: Foul Ball, location: 2F
3-2: DOUBLE (Line Drive, 7LM)
Batting: RHB Júlio López 0-0: Ground out 6-3 (Groundball, 6)
Noah Gillespie to third
Batting: SHB Chris Woods 0-0: Called Strike
0-1: Ground out 4-3 (Groundball, 34)
Noah Gillespie scores
Batting: LHB Sergio Fernández 0-0: Foul Ball, location: 2F
0-1: Foul Ball, location: 2F
0-2: Strikes out swinging
Bottom of the 1st over - 1 run(s), 1 hit(s), 0 error(s), 0 left on base; UCLA 0 - California 1
TOP OF THE 2ND
UCLA Bruins batting - Pitching for California Golden Bears : RHP Tomás Marte
Batting: RHB Dean Bailey 0-0: Ball
1-0: Foul Ball, location: 2F
1-1: Called Strike
1-2: Foul Ball, location: 2F
1-2: Ball
2-2: Ground out 6-3 (Groundball, 6)
Batting: RHB Bill Powell 0-0: Ball
1-0: Called Strike
1-1: Swinging Strike
1-2: Foul Ball, location: 2F
1-2: Strikes out swinging
Batting: RHB Doug Lutz 0-0: Ball
1-0: Ball
2-0: SINGLE (Groundball, 25) (infield hit)
Batting: LHB Scott Young 0-0: Called Strike
0-1: Ball
1-1: Ball
2-1: Swinging Strike
2-2: Strikes out swinging
Top of the 2nd over - 0 run(s), 1 hit(s), 0 error(s), 1 left on base; UCLA 0 - California 1
BOTTOM OF THE 2ND
California Golden Bears batting - Pitching for UCLA Bruins : RHP George Floyd
Batting: RHB Phil Garne 0-0: Called Strike
0-1: Foul Ball, location: 2F
0-2: Strikes out swinging
Batting: RHB Marv Shepard 0-0: Foul Ball, location: 2F
0-1: Foul Ball, location: 2F
0-2: Strikes out swinging
Batting: RHB Richard Stroud 0-0: Ball
1-0: Called Strike
1-1: Foul Ball, location: 2F
1-2: Ball
2-2: Strikes out looking
Bottom of the 2nd over - 0 run(s), 0 hit(s), 0 error(s), 0 left on base; UCLA 0 - California 1
TOP OF THE 3RD
UCLA Bruins batting - Pitching for California Golden Bears : RHP Tomás Marte
Batting: LHB Harvey Moore 0-0: Ball
1-0: Ball
2-0: Called Strike
2-1: SINGLE (Groundball, 5D)
Batting: RHB Wilson Metherall 0-0: Ball
1-0: Ball
2-0: Ball
3-0: Called Strike
3-1: Swinging Strike
3-2: SINGLE (Line Drive, 56D)
Harvey Moore to second
Harvey Moore to third
Batting: LHB Pedro Ramos 0-0: Ball
Wild Pitch!
Harvey Moore scores
Wilson Metherall to second
1-0: Foul Ball, location: 2F
1-1: Swinging Strike
1-2: Ball
2-2: Strikes out looking
Batting: RHB Roberto Rodríguez 0-0: Ball
1-0: Called Strike
Wilson Metherall steals 3rd base
1-1: Called Strike
1-2: Ball
2-2: Strikes out swinging
Batting: LHB Brian Bauer 0-0: Called Strike
0-1: Ground out 4-3 (Groundball, 34)
Top of the 3rd over - 1 run(s), 2 hit(s), 0 error(s), 1 left on base; UCLA 1 - California 1
BOTTOM OF THE 3RD
California Golden Bears batting - Pitching for UCLA Bruins : RHP George Floyd
Batting: RHB Robin Dobson 0-0: Ball
1-0: Foul Ball, location: 2F
1-1: Fly out, F9 (Line Drive, 9M)
Batting: SHB Jeff McGill 0-0: Bunted foul
0-1: Called Strike
0-2: Strikes out swinging
Batting: LHB Noah Gillespie 0-0: Foul Ball, location: 2F
0-1: Fly out, F9 (Flyball, 89M)
Bottom of the 3rd over - 0 run(s), 0 hit(s), 0 error(s), 0 left on base; UCLA 1 - California 1
TOP OF THE 4TH
UCLA Bruins batting - Pitching for California Golden Bears : RHP Tomás Marte
Batting: RHB Dean Bailey 0-0: Ball
1-0: Swinging Strike
1-1: Fly out, F9 (Flyball, 89M)
Batting: RHB Bill Powell 0-0: Ball
1-0: Called Strike
1-1: Called Strike
1-2: Ball
2-2: Strikes out swinging
Batting: RHB Doug Lutz 0-0: Foul Ball, location: 2F
0-1: Swinging Strike
0-2: Ball
1-2: Strikes out looking
Top of the 4th over - 0 run(s), 0 hit(s), 0 error(s), 0 left on base; UCLA 1 - California 1
BOTTOM OF THE 4TH
California Golden Bears batting - Pitching for UCLA Bruins : RHP George Floyd
Batting: RHB Júlio López 0-0: Called Strike
0-1: SINGLE (Popup, 9LS)
Batting: SHB Chris Woods 0-0: Called Strike
0-1: Swinging Strike
0-2: Ball
1-2: Foul Ball, location: 2F
1-2: Foul Ball, location: 2F
1-2: Foul Ball, location: 2F
1-2: Foul Ball, location: 2F
1-2: Foul Ball, location: 2F
1-2: Strikes out swinging
Batting: LHB Sergio Fernández 0-0: Swinging Strike
0-1: Ball
1-1: Ball
2-1: Foul Ball, location: 2F
2-2: Strikes out looking
Batting: RHB Phil Garne 0-0: Ball
1-0: SINGLE (Line Drive, 4MD)
Júlio López to second
Runner from 2nd tries for 3rd, OUT!
Bottom of the 4th over - 0 run(s), 2 hit(s), 0 error(s), 1 left on base; UCLA 1 - California 1
TOP OF THE 5TH
UCLA Bruins batting - Pitching for California Golden Bears : RHP Tomás Marte
Batting: LHB Scott Young 0-0: Ball
1-0: Ball
2-0: Ball
3-0: Called Strike
3-1: Foul Ball, location: 2F
3-2: Fly out, F6 (Popup, 5L)
Batting: LHB Harvey Moore 0-0: Called Strike
0-1: Ball
1-1: Swinging Strike
1-2: Ball
2-2: Foul Ball, location: 2F
2-2: Strikes out swinging
Batting: RHB Wilson Metherall 0-0: Ball
1-0: Ball
2-0: Ball
3-0: Called Strike
3-1: Ground out 5-3 (Groundball, 56)
Top of the 5th over - 0 run(s), 0 hit(s), 0 error(s), 0 left on base; UCLA 1 - California 1
BOTTOM OF THE 5TH
California Golden Bears batting - Pitching for UCLA Bruins : RHP George Floyd
Batting: RHB Marv Shepard 0-0: Fly out, F7 (Flyball, 7M)
Batting: RHB Richard Stroud 0-0: Called Strike
0-1: Ground out 4-3 (Groundball, 4)
Batting: RHB Robin Dobson 0-0: Swinging Strike
0-1: Ground out 1-3 (Groundball, 34S)
Bottom of the 5th over - 0 run(s), 0 hit(s), 0 error(s), 0 left on base; UCLA 1 - California 1
TOP OF THE 6TH
UCLA Bruins batting - Pitching for California Golden Bears : RHP Tomás Marte
Batting: LHB Pedro Ramos 0-0: Ball
1-0: Ground out 4-3 (Groundball, 4)
Batting: RHB Roberto Rodríguez 0-0: Ball
1-0: Ball
2-0: Foul Ball, location: 2F
2-1: Ball
3-1: Ground out 6-3 (Groundball, 6)
Batting: LHB Brian Bauer 0-0: Ground out 4-3 (Groundball, 4M)
Top of the 6th over - 0 run(s), 0 hit(s), 0 error(s), 0 left on base; UCLA 1 - California 1
BOTTOM OF THE 6TH
California Golden Bears batting - Pitching for UCLA Bruins : RHP George Floyd
Batting: SHB Jeff McGill 0-0: Ball
1-0: Ball
2-0: DOUBLE (Groundball, 3L)
Batting: LHB Noah Gillespie 0-0: Ball
1-0: Fly out, F3 (Popup, 3)
Batting: RHB Júlio López 0-0: Called Strike
0-1: Swinging Strike
0-2: Strikes out looking
Batting: SHB Chris Woods 0-0: Ball
1-0: Called Strike
1-1: Called Strike
1-2: Strikes out swinging
Bottom of the 6th over - 0 run(s), 1 hit(s), 0 error(s), 1 left on base; UCLA 1 - California 1
TOP OF THE 7TH
UCLA Bruins batting - Pitching for California Golden Bears : RHP Tomás Marte
Pitching: RHP Juan Bonilla
Batting: RHB Dean Bailey 0-0: Called Strike
0-1: Ball
1-1: Ball
2-1: Ball
3-1: Foul Ball, location: 2F
3-2: Base on Balls
Batting: RHB Bill Powell 0-0: Called Strike
0-1: Called Strike
0-2: Fly out, F4 (Popup, 4M)
Pinch Hitting: LHB Simon Collins 0-0: DOUBLE (Line Drive, 78M)
Dean Bailey to third
Batting: LHB Scott Young 0-0: Called Strike
0-1: Ball
1-1: Ball
2-1: Swinging Strike
2-2: Strikes out looking
Batting: LHB Harvey Moore 0-0: Ball
1-0: Ball
2-0: Foul Ball, location: 2F
2-1: Fly out, F7 (Flyball, 7M)
Top of the 7th over - 0 run(s), 1 hit(s), 0 error(s), 2 left on base; UCLA 1 - California 1
BOTTOM OF THE 7TH
California Golden Bears batting - Pitching for UCLA Bruins : RHP George Floyd
Now at SS: Ernie Russell
Batting: LHB Sergio Fernández 0-0: Foul Ball, location: 2F
0-1: Ball
1-1: Ball
2-1: Called Strike
2-2: Foul Ball, location: 2F
2-2: Ball
3-2: Strikes out swinging
Batting: RHB Phil Garne 0-0: Ball
1-0: Fly out, F8 (Flyball, 8LS)
Batting: RHB Marv Shepard 0-0: Ball
1-0: Ground out 6-3 (Groundball, 6)
Bottom of the 7th over - 0 run(s), 0 hit(s), 0 error(s), 0 left on base; UCLA 1 - California 1
TOP OF THE 8TH
UCLA Bruins batting - Pitching for California Golden Bears : RHP Juan Bonilla
Pinch Hitting: RHB Will Walker 0-0: Ball
1-0: Swinging Strike
1-1: Ball
2-1: Ball
3-1: Foul Ball, location: 2F
3-2: Base on Balls
Batting: LHB Pedro Ramos 0-0: Swinging Strike
0-1: Sac Bunt - play at first, batter OUT! 1-4
Will Walker to second
Batting: RHB Roberto Rodríguez 0-0: Ball
1-0: Fly out, F4 (Popup, 4M)
Batting: LHB Brian Bauer 0-0: Ball
1-0: Swinging Strike
1-1: Foul Ball, location: 2F
1-2: Ball
2-2: Ball
3-2: Strikes out swinging
Top of the 8th over - 0 run(s), 0 hit(s), 0 error(s), 1 left on base; UCLA 1 - California 1
BOTTOM OF THE 8TH
California Golden Bears batting - Pitching for UCLA Bruins : RHP George Floyd
Now at 2B: Bob Newton
Batting: RHB Richard Stroud 0-0: Ball
1-0: Ball
2-0: Called Strike
2-1: Ball
3-1: Fly out, F9 (Flyball, 9M)
Pitching: RHP Sean Cooper
Batting: RHB Robin Dobson 0-0: Ball
1-0: Called Strike
1-1: Swinging Strike
1-2: Foul Ball, location: 2F
1-2: Ball
2-2: Strikes out swinging
Pinch Hitting: LHB Jeff West 0-0: Swinging Strike
0-1: Ball
1-1: Ball
2-1: Ball
3-1: Swinging Strike
3-2: Foul Ball, location: 2F
3-2: Strikes out swinging
Bottom of the 8th over - 0 run(s), 0 hit(s), 0 error(s), 0 left on base; UCLA 1 - California 1
TOP OF THE 9TH
UCLA Bruins batting - Pitching for California Golden Bears : RHP Juan Bonilla
Pitching: RHP Ricardo Martínez
Now in LF: Jeff West
Batting: RHB Dean Bailey 0-0: Ball
1-0: Ball
2-0: Ground out 6-3 (Groundball, 6)
Batting: RHB Bill Powell 0-0: Called Strike
0-1: Ball
1-1: Foul Ball, location: 2F
1-2: Strikes out swinging
Batting: LHB Ernie Russell 0-0: Called Strike
0-1: Ball
1-1: Foul Ball, location: 2F
1-2: Strikes out swinging
Top of the 9th over - 0 run(s), 0 hit(s), 0 error(s), 0 left on base; UCLA 1 - California 1
BOTTOM OF THE 9TH
California Golden Bears batting - Pitching for UCLA Bruins : RHP Sean Cooper
Batting: LHB Noah Gillespie 0-0: Called Strike
0-1: Foul Ball, location: 2F
0-2: Ball
1-2: Ball
2-2: Ball
3-2: Base on Balls
Batting: RHB Júlio López 0-0: Bunted foul
0-1: Sac Bunt - play at first, batter OUT! 5-4
Noah Gillespie to second
Batting: SHB Chris Woods 0-0: Intentional Walk
Batting: LHB Sergio Fernández 0-0: Swinging Strike
0-1: Called Strike
0-2: SINGLE (Groundball, 34D)
Noah Gillespie to third
Chris Woods to second
Runner from 3rd tries for Home, SAFE, no throw or cutoff
This league is powered by Out of the Park Baseball, the baseball management simulation game for PC, Mac and Linux
Saturday, April 9th, 2016 - OOTP Baseball 16.8 Build 38